 Dungeon Crawl Stone Soup version 0.32-a0-913-g739538afd8 (webtiles) character file.

Game seed: 212430720629376424

189041 Revguard the Warrior (level 18, -5/124 HPs)
             Began as a Gargoyle Fighter on Apr 8, 2024.
             Was a High Priest of the Shining One.
             Slain by an alligator snapping turtle (15 damage)
             ... on level 4 of the Shoals.
             The game lasted 01:33:16 (23117 turns).

Revguard the Warrior (Gargoyle Fighter)            Turns: 23117, Time: 01:33:17

Health: -5/124     AC: 34    Str: 18    XL:     18   Next: 56%
Magic:  7/27       EV: 18    Int: 11    God:    the Shining One [*****.]
Gold:   774        SH: 31    Dex: 15    Spells: 17/17 levels left

rFire   + . .        T - +4 scimitar (flame)
rCold   + . .        S - +2 kite shield {AC+3}
rNeg    + + +        D - +5 ring mail of Itsetetokk {Fly rElec}
rPois   ∞            R - +0 helmet {SInv}
rElec   +            c - scarf {rC+ rF+}
rCorr   .            u - +0 pair of gloves
SInv    +            V - +0 pair of boots
Will    +....        U - amulet "Vaeplaagu" {Reflect rPois rN+ Str-2 SH+5}
Stlth   +            g - +4 ring of slaying
HPRegen 0.40/turn    q - +5 ring of evasion
MPRegen 0.20/turn

%: reflection
@: divinely shielded, flying, mesmerised, glowing, studying Hexes
A: sickness immunity, AC +13, big wings, negative energy resistance 1,
electricity resistance, torment resistance 1, petrification resistance
a: Renounce Religion, Divine Shield, Cleansing Flame, Summon Divine Warrior


You were on level 4 of the Shoals.
You worshipped the Shining One.
The Shining One was extremely pleased with you.
You visited 5 branches of the dungeon, and saw 27 of its levels.
You visited the Abyss 1 time.
You also visited: Sewer, Ossuary, Bailey and Gauntlet.

You collected 3955 gold pieces.
You spent 3181 gold pieces at shops.

Inventory:

Hand Weapons
 Q - the +11 Singing Sword {sonic wave}
   (You found it on level 6 of the Dungeon)
 T - a +4 scimitar of flaming (weapon)
Missiles
 o - 2 throwing nets
Armour
 c - a scarf of resistance (worn)
 e - a +0 plate armour of willpower
 u - a +0 pair of gloves (worn)
 D - the +5 ring mail of Itsetetokk (worn) {Fly rElec}
   (You found it on level 4 of the Dungeon)

   rElec:     It insulates you from electricity.
   Fly:       It grants you flight.
 R - a +0 helmet of see invisible (worn)
 S - a +2 kite shield of protection (worn)
 V - a +0 pair of boots (worn)
Jewellery
 g - a +4 ring of slaying (left hand)
 j - the ring "Nesoh" {rN+ rCorr Dex+2 SInv}
   (You bought it in a shop on level 2 of the Orcish Mines)

   [ring of positive energy]

   Dex+2:     It affects your dexterity (+2).
   rN+:       It protects you from negative energy.
   SInv:      It lets you see invisible.
   rCorr:     It protects you from acid and corrosion.
 k - a ring of protection from cold
 q - a +5 ring of evasion (right hand)
 y - an amulet of regeneration
 U - the amulet "Vaeplaagu" (around neck) {Reflect rPois rN+ Str-2 SH+5}
   (You found it on level 3 of the Shoals)

   [amulet of reflection]

   Reflect:   It reflects blocked missile attacks.
   Str-2:     It affects your strength (-2).
   rPois:     It protects you from poison.
   rN+:       It protects you from negative energy.
   SH+5:      It affects your SH (+5).
 X - a ring of protection from fire
Wands
 d - a wand of charming (19)
 p - a wand of flame (110)
 z - a wand of polymorph (11)
 B - a wand of digging (4)
 E - a wand of quicksilver (32)
 F - a wand of mindburst (62) (quivered)
 K - a wand of roots (27)
Scrolls
 a - a scroll of enchant weapon
 m - 7 scrolls of fog
 n - 6 scrolls of noise
 r - a scroll of brand weapon
 t - 6 scrolls of immolation
 v - 8 scrolls of teleportation
 w - 6 scrolls of blinking
 C - 7 scrolls of enchant armour
 G - a scroll of amnesia
 J - 16 scrolls of identify
 N - 6 scrolls of fear
 W - 5 scrolls of poison
Potions
 b - 5 potions of magic
 f - 4 potions of haste
 h - 6 potions of enlightenment
 i - 7 potions of curing
 l - a potion of mutation
 s - 6 potions of attraction
 A - 3 potions of brilliance
 H - 5 potions of lignification
 I - 6 potions of invisibility
 L - 2 potions of cancellation
 M - 3 potions of resistance
 O - 8 potions of might
 P - 2 potions of berserk rage
Miscellaneous
 x - a lightning rod (4/4)


   Skills:
 * Level 17.4 Fighting
 * Level 14.2 Long Blades
 + Level 13.1 Armour
 + Level 9.6 Dodging
 + Level 13.5 Shields
 + Level 12.4 Invocations
 + Level 10.5 Evocations


You had 17 spell levels left.
You didn't know any spells.
Your spell library contained the following spells:

 Spells                   Type           Power      Damage    Failure   Level
 Freeze                   Ice            0%         1d3       67%         1
 Shock                    Conj/Air       0%         1d3       67%         1
 Sting                    Conj/Alch      0%         1d3       67%         1
 Ensorcelled Hibernation  Hex/Ice        0%         N/A       80%         2
 Jinxbite                 Hex            0%         N/A       80%         2
 Mercury Vapours          Alch/Air       0%         N/A       80%         2
 Dazzling Flash           Conj/Hex       0%         N/A       95%         3
 Frozen Ramparts          Ice            0%         1d1       95%         3
 Hailstorm                Conj/Ice       0%         3d5       95%         3
 Mephitic Cloud           Conj/Alch/Air  0%         N/A       95%         3
 Passwall                 Erth           0%         N/A       95%         3
 Swiftness                Air            0%         N/A       95%         3
 Tukima's Dance           Hex            0%         N/A       95%         3
 Brom's Barrelling Bould  Conj/Erth      0%         2d3       100%        4
 Dimensional Bullseye     Hex/Tloc       0%         N/A       100%        4
 Ignite Poison            Fire/Alch      0%         N/A       100%        4
 Iskenderun's Mystic Bla Conj/Tloc 0%             2d3        (+2d1     100%        4
 Leda's Liquefaction      Alch/Erth      0%         N/A       100%        4
 Olgreb's Toxic Radiance  Alch           0%         N/A       100%        4
 Sticky Flame             Fire/Alch      0%         2d4       100%        4
 Curse of Agony           Necr           0%         N/A       100%        5
 Fireball                 Conj/Fire      0%         3d3       100%        5
 Iskenderun's Battlesphe  Conj           0%         2d6       100%        5
 Lee's Rapid Deconstruct  Erth           0%         3d4*      100%        5
 Silence                  Hex/Air        0%         N/A       100%        5
 Summon Forest            Summ/Tloc      0%         N/A       100%        5
 Yara's Violent Unravell  Hex/Alch       0%         3d3       100%        5
 Conjure Ball Lightning   Conj/Air       0%         3x3d6     100%        6
 Dispersal                Tloc           0%         N/A       100%        6
 Eringya's Noxious Bog    Alch           0%         4d6       100%        6
 Gell's Gavotte           Tloc           0%         2d(11-16) 100%        6
 Permafrost Eruption      Ice/Erth       0%         2x4d1     100%        6
 Sculpt Simulacrum        Ice/Alch       0%         N/A       100%        6
 Enfeeble                 Hex            0%         N/A       100%        7
 Manifold Assault         Tloc           0%         N/A       100%        7
 Orb of Destruction       Conj           0%         9d5       100%        7
 Ozocubu's Refrigeration  Ice            0%         4d7       100%        7
 Summon Hydra             Summ           0%         N/A       100%        7
 Disjunction              Tloc           0%         N/A       100%        8
 Ignition                 Fire           0%         3d3       100%        8
 Polar Vortex             Ice            0%         N/A       100%        9


Dungeon Overview and Level Annotations

Branches:
Dungeon (15/15)            Temple (1/1) D:5            Lair (5/5) D:11
 Shoals (4/4) Lair:3        Snake (0/4) Lair:2        Slime (0/5) Lair:5
    Orc (2/2) D:9             Elf (0/3) Orc:2        Vaults (0/5) D:13
 Depths (0/4) D:15          Sewer (visited)         Ossuary (visited)
 Bailey (visited)         Gauntlet (visited)

Altars:
Ashenzari
Cheibriados
Dithmenos
Elyvilon
Fedhas
Gozag
Hepliaklqana
Kikubaaqudgha
Makhleb
Nemelex Xobeh
Okawaru
Qazlal
Ru
Sif Muna
Trog
Uskayaw
Vehumet
Wu Jian
Xom
Yredelemnul
Zin
The Shining One
Beogh

Shops:
D:3 ?   D:6 :   Orc:2 !=*(   Shoals:2 *

Portals:
Trove: D:12 (give +2 shadow dragon scales)


Innate Abilities, Weirdness & Mutations

You are immune to sickness and miasma.
Your stone body is resilient. (AC +13)
You are immune to poison.
Your large and strong wings let you fly.
You resist negative energy. (rN+)
You are resistant to electric shocks. (rElec)
You are resistant to unholy torment.
You are immune to petrification.


Message History

The merfolk impaler barely misses you.
You block the alligator snapping turtle's attack.
The merfolk avatar chants its luring song.
Your daeva misses the merfolk impaler. x2
The merfolk impaler closely misses you.
Your daeva calls down the wrath of the Shining One upon the water nymph.
The water nymph is smitten.
The merfolk impaler hits your daeva with a +0 heavy trident!!
The water nymph gestures at your daeva while chanting.
The water rises up and strikes your daeva!
Your daeva blocks the water nymph's attack.
The merfolk siren chants its luring song.
You block the merfolk impaler's attack.
You block the alligator snapping turtle's attack.
The merfolk avatar chants its luring song.
The merfolk impaler hits your daeva with a +0 heavy trident!!
Your daeva hits the merfolk impaler with a +5 long sword of holy wrath! x2
The water nymph flows with the water.
You block the merfolk impaler's attack.
Items here: ) [ ††.
Unknown command.
Activating: Cleansing Flame (1% risk of failure)
Press: ? - help, Dir - look around, f - activate The golden flame engulfs you but does no damage.
The golden flame engulfs the merfolk avatar!!
The merfolk avatar is severely wounded.
The golden flame engulfs the water nymph!!
The water nymph is heavily wounded.
The golden flame engulfs the alligator snapping turtle!
The alligator snapping turtle is lightly wounded.
The golden flame engulfs the merfolk impaler!!
The merfolk impaler is severely wounded.
The golden flame engulfs your daeva.
Your daeva completely resists.
Your daeva is severely wounded.
You hear a shout!
The merfolk siren chants its luring song.
You block the merfolk impaler's attack.
The merfolk impaler hits your daeva with a +0 heavy trident!
The alligator snapping turtle bites you from afar!
You die...

##########~
#..#ß.....ß#~~#######
#..#...~...#~##.....
#..#..#~...#~m..~~~
#..#..~~~..#~tA~k########
#..#..~~~..#~m†)##.......
#..#.)~†)#.#..@~≈.......
#..#..~#~~.#~#.m≈†..######
#..#.~~~~~.#~m~~#..##φ..)#
#..#.~.~#~.#A~~~#))≈≈.....
#..†.~~##m~m~#~~))~≈≈.)=..
#....~~~#~km~#~~~~~≈≈.))..
#).#.~##~~~#~~~)#.~≈≈.....
#..#.~~~~~.#~~.~#..##)..)#
#..#..~.~..#~#.~≈...######


You could see an alligator snapping turtle, a merfolk avatar (mesmerising), 2
merfolk impalers, 2 wind drakes, a merfolk siren (mesmerising), 2 water nymphs
and 2 friendly daevas.

Vanquished Creatures
  Saint Roka (Orc:2)
  Nikola (Shoals:3)
  Rupert (Lair:5)
  A tentacled monstrosity (Shoals:2)
  A titan (Shoals:4)
  Polyphemus (Shoals:2)
  A kraken (Shoals:2)
  Frances (Shoals:2)
  Ilsuiw (Shoals:3)
  Louise (Shoals:1)
  2 orc warlords
  A stone giant (Shoals:3)
  Nessos (Lair:3)
  A dire elephant (Lair:3)
  A minotaur (Gauntlet)
  An ettin (Orc:2)
  Snorg (D:10)
  A merfolk javelineer (Shoals:3)
  Josephine (Orc:2)
  8 merfolk impalers
  2 great orbs of eyes (Shoals:2)
  6 hydras
  Fannar (Lair:3)
  Erolcha (Orc:1)
  3 vault guards (D:13)
  A catoblepas (Shoals:2)
  4 boulder beetles
  An ogre mage (Orc:2)
  2 merfolk avatars
  Erica (D:11)
  4 centaur warriors
  A tengu warrior (D:15)
  8 merfolk aquamancers
  An orc high priest (Orc:2)
  10 two-headed ogres
  A hell hog (Gauntlet)
  4 death yaks (Shoals:2)
  9 hell knights (D:12)
  Sonja (D:10)
  Amaemon (D:8)
  A wretched star (Abyss:3)
  3 skysharks
  A storm dragon skeleton (D:15)
  2 skeletal warriors (D:15)
  Lodul (D:10)
  A spark wasp zombie (D:15)
  A flayed ghost (D:15)
  2 arcanists (D:13)
  9 sea snakes
  13 orc knights
  5 harpies (Shoals:1)
  5 deep elf pyromancers
  5 necromancers
  2 obsidian bats (Orc:1)
  7 deep elf zephyrmancers (Orc:1)
  11 ugly things
  7 cyclopes
  7 orc sorcerers
  A wolf spider (D:15)
  16 fauns
  9 manticores
  Maurice (Orc:1)
  5 black mambas
  A large abomination (Gauntlet)
  30 elephants
  5 water nymphs
  9 merfolk sirens
  3 meliai (D:15)
  An apocalypse crab (Shoals:2)
  2 kobold blastminers (Orc:2)
  A black mamba (shapeshifter) (D:14)
  An orange demon (D:8)
  2 unseen horrors
  A gargoyle (D:11)
  5 cane toads
  2 rime drakes
  An efreet (D:13)
  A yaktaur (D:13)
  A tengu conjurer (D:15)
  7 komodo dragons
  12 trolls
  An ancient zyme (Abyss:3)
  2 polar bears
  22 merfolk
  9 wind drakes
  8 saltlings (Orc:2)
  23 blink frogs
  2 hornets
  5 raiju
  2 dream sheep (Shoals:3)
  14 snapping turtles
  A spriggan skeleton (D:15)
  4 slime creatures
  3 air elementals (Shoals:4)
  A spriggan (Lair:3)
  3 vampires
  8 wyverns
  4 wraiths
  A spriggan (shapeshifter) (D:14)
  32 yaks
  10 water elementals
  8 basilisks
  3 steam dragons
  A neqoxec (Abyss:3)
  3 wargs (Orc:2)
  16 humans (D:13)
  2 fire bats (Gauntlet)
  7 vampire mosquitoes
  5 small abominations (Gauntlet)
  2 acid dragons
  The ghost of jovan2203 the Trooper, an amateur VSFi (D:3)
  17 water moccasins
  10 hell hounds
  3 sky beasts
  A meliai simulacrum (D:14)
  7 laughing skulls
  23 orc warriors
  2 ice beasts
  2 black bears
  A crocodile (Sewer)
  17 ogres
  10 wolves
  2 centaurs (D:8)
  A phantom (D:6)
  A kobold brigand (D:8)
  A brain worm (Sewer)
  15 bullfrogs
  A gnoll sergeant (D:9)
  4 scorpions
  A burial acolyte (Ossuary)
  6 wights
  4 water moccasin zombies
  9 killer bees (D:9)
  A howler monkey (shapeshifter) (D:15)
  3 electric eels (D:8)
  4 howler monkeys
  A bullfrog zombie (D:3)
  4 bombardier beetles
  4 hounds
  2 jellies
  A bullfrog skeleton (D:3)
  15 orc priests
  A sleepcap (D:6)
  Jessica (D:2)
  18 orc wizards
  Ijyb (D:4)
  4 iguanas
  5 hell rats (Lair:2)
  3 crocodile zombies (Ossuary)
  2 mummies (Ossuary)
  3 gnolls (D:9)
  8 adders
  A river rat (D:4)
  3 shadow imps (D:3)
  2 white imps (D:8)
  2 adder zombies (Ossuary)
  3 dart slugs
  3 ribbon worms
  72 orcs
  15 ball pythons
  7 endoplasms
  5 giant cockroaches
  5 gnoll zombies (Ossuary)
  8 goblins
  16 hobgoblins
  7 jackals
  2 quokkas
  18 bats
  3 frilled lizards
  2 jackal zombies (Ossuary)
  15 kobolds
  2 orc zombies (Ossuary)
  5 rats
  2 tentacles (Shoals:2)
910 creatures vanquished.

Vanquished Creatures (collateral kills)
  A titan (Shoals:3)
  2 merfolk impalers
  A merfolk aquamancer (Shoals:2)
  An alligator snapping turtle (Shoals:4)
  A satyr (Shoals:2)
  2 skysharks
  3 sea snakes
  A cyclops (Shoals:3)
  A merfolk siren (Shoals:2)
  3 manticores
  A water nymph (Shoals:2)
  A polar bear (Lair:5)
  4 merfolk
  A wind drake (Shoals:2)
  A blink frog (Lair:5)
  A dream sheep (Shoals:3)
  8 yaks (Lair:5)
  A water moccasin (Lair:5)
34 creatures vanquished.

Vanquished Creatures (others)
  A merfolk impaler (Shoals:2)
  3 water elementals (Shoals:2)
  A chaos spawn (Abyss:3)
  An orc warrior (Orc:2)
  5 tentacles (Shoals:2)
11 creatures vanquished.

Grand Total: 955 creatures vanquished

Notes
Turn   | Place    | Note
-------+----------+-------------------------------------------
     0 | D:1      | Revguard the Gargoyle Fighter began the quest for the Orb.
     0 | D:1      | Reached XP level 1. HP: 14/14 MP: 1/1
   188 | D:1      | Reached XP level 2. HP: 19/19 MP: 2/2
   596 | D:1      | Reached XP level 3. HP: 23/23 MP: 3/3
   941 | D:2      | Found a faded altar of an unknown god.
   947 | D:2      | Got Plato's Directory of the Barrage
  1172 | D:2      | Reached skill level 1 in Invocations
  1292 | D:2      | Reached XP level 4. HP: 29/29 MP: 4/4
  1420 | D:2      | Noticed Jessica
  1425 | D:2      | Killed Jessica
  1426 | D:2      | Reached skill level 1 in Evocations
  1696 | D:3      | Noticed jovan2203's ghost (amateur VSFi)
  1698 | D:3      | Found a transporter.
  1725 | D:3      | Found a transporter.
  1765 | D:3      | Reached skill level 1 in Dodging
  1799 | D:3      | Found a transporter.
  1809 | D:3      | Found a transporter.
  1839 | D:3      | Reached skill level 4 in Fighting
  1842 | D:3      | Reached XP level 5. HP: 31/33 MP: 5/5
  2244 | D:3      | Found Jegh's Magic Scroll Emporium.
  2247 | D:3      | Bought a scroll of enchant armour for 97 gold pieces
  2247 | D:3      | Bought a scroll of identify for 26 gold pieces
  2485 | D:3      | Killed jovan2203's ghost
  2486 | D:3      | Reached XP level 6. HP: 16/39 MP: 7/7
  2492 | D:3      | Reached XP level 7. HP: 24/44 MP: 8/8
  2553 | D:4      | Found a glowing drain.
  2589 | Sewer    | Entered a sewer
  2616 | Sewer    | Reached skill level 5 in Fighting
  2857 | D:4      | Identified the +5 ring mail of Itsetetokk {Fly rElec}
  2956 | D:4      | Noticed Ijyb
  2970 | D:4      | Killed Ijyb
  3176 | D:5      | Entered Level 5 of the Dungeon
  3239 | D:5      | Reached XP level 8. HP: 50/50 MP: 10/10
  3246 | D:5      | Found a hide-covered altar of Uskayaw.
  3451 | D:5      | Found a staircase to the Ecumenical Temple.
  3459 | Temple   | Entered the Ecumenical Temple
  3479 | Temple   | Became a worshipper of the Shining One
  3772 | D:6      | Found Ruj Guev's Book Shoppe.
  3801 | D:6      | Reached skill level 6 in Fighting
  3801 | D:6      | Reached skill level 5 in Armour
  3831 | D:6      | Found a sand-covered staircase.
  3851 | Ossuary  | Entered an ossuary
  3872 | Ossuary  | Reached skill level 5 in Shields
  3876 | Ossuary  | Reached * piety under the Shining One
  3996 | Ossuary  | Reached ** piety under the Shining One
  4446 | D:6      | Reached XP level 9. HP: 56/56 MP: 11/11
  4462 | D:6      | Found the +11 Singing Sword {sonic wave}
  4728 | D:7      | Reached skill level 5 in Long Blades
  4785 | D:7      | Reached skill level 7 in Fighting
  5417 | D:8      | Noticed Amaemon
  5417 | D:8      | Noticed an orange demon
  5423 | D:8      | Killed Amaemon
  5424 | D:8      | Killed an orange demon
  5427 | D:8      | Reached XP level 10. HP: 64/64 MP: 11/13
  5463 | D:8      | Reached skill level 8 in Fighting
  5463 | D:8      | Reached skill level 5 in Invocations
  5587 | D:8      | Noticed a two-headed ogre
  5595 | D:8      | Killed a two-headed ogre
  6694 | D:9      | Noticed a two-headed ogre
  6700 | D:9      | Killed a two-headed ogre
  6701 | D:9      | Reached skill level 9 in Fighting
  6701 | D:9      | Reached XP level 11. HP: 68/71 MP: 15/15
  6732 | D:9      | Reached *** piety under the Shining One
  6743 | D:9      | Found a flagged portal.
  6752 | Bailey   | Entered a bailey
  6757 | Bailey   | Noticed an orc warlord
  6808 | Bailey   | Found a runed translucent gate.
  6824 | Bailey   | Found a runed translucent gate.
  6825 | Bailey   | Found a runed translucent gate.
  6923 | Bailey   | Killed an orc warlord
  6924 | Bailey   | Reached skill level 5 in Evocations
  6952 | Bailey   | Reached skill level 10 in Fighting
  6952 | Bailey   | Reached skill level 5 in Dodging
  6952 | Bailey   | Reached XP level 12. HP: 78/78 MP: 15/17
  7104 | D:9      | Identified a scroll of acquirement
  7106 | D:9      | Acquired 620 gold pieces
  7126 | D:9      | Found a staircase to the Orcish Mines.
  7564 | D:10     | Entered Level 10 of the Dungeon
  7586 | D:10     | Noticed Lodul
  7595 | D:10     | Killed Lodul
  7622 | D:10     | Noticed Sonja
  7623 | D:10     | Killed Sonja
  7642 | D:10     | Reached skill level 11 in Fighting
  7736 | D:10     | Noticed Snorg
  7744 | D:10     | Killed Snorg
  8743 | D:3      | Bought a scroll of enchant armour for 97 gold pieces
  8743 | D:3      | Bought a scroll of identify for 26 gold pieces
  9053 | D:11     | Noticed a boulder beetle
  9066 | D:11     | Killed a boulder beetle
  9224 | D:11     | Found a staircase to the Lair.
  9535 | D:11     | Noticed Erica
  9540 | D:11     | Killed Erica
  9677 | D:12     | Reached XP level 13. HP: 84/84 MP: 18/18
  9706 | D:12     | Found a portal to a secret trove of treasure.
  9771 | D:12     | Reached **** piety under the Shining One
  9930 | D:12     | The Shining One protects you from harm!
 10013 | D:12     | Reached skill level 12 in Fighting
 10349 | D:12     | Reached skill level 10 in Shields
 11161 | D:13     | Reached ***** piety under the Shining One
 11170 | D:13     | Noticed a vault guard
 11172 | D:13     | Gained mutation: Your large and strong wings let you fly.
                  | [Gargoyle growth]
 11172 | D:13     | Reached XP level 14. HP: 82/92 MP: 20/20
 11187 | D:13     | Reached skill level 10 in Long Blades
 11227 | D:13     | Found a gate to the Vaults.
 11568 | D:14     | Reached skill level 13 in Fighting
 11751 | D:14     | Reached skill level 10 in Armour
 11792 | D:14     | HP: 4/94 [red ugly thing (21)]
 12014 | D:14     | Found a broken altar of Ashenzari.
 12212 | D:15     | Entered Level 15 of the Dungeon
 12213 | D:15     | Found a staircase to the Depths.
 13189 | Lair:1   | Entered Level 1 of the Lair of Beasts
 13261 | Lair:1   | Reached XP level 15. HP: 88/100 MP: 22/22
 13433 | Lair:1   | Found a glowing golden altar of the Shining One.
 14157 | Lair:2   | Reached skill level 14 in Fighting
 14174 | Lair:2   | Found a staircase to the Snake Pit.
 15000 | Lair:3   | Reached skill level 10 in Invocations
 15235 | Lair:3   | Noticed Nessos
 15242 | Lair:3   | Killed Nessos
 15257 | Lair:3   | Noticed Fannar
 15265 | Lair:3   | Killed Fannar
 15410 | Lair:3   | Found a staircase to the Shoals.
 16082 | Lair:4   | Found a gate leading to a gauntlet.
 16103 | Gauntlet | Entered a Gauntlet
 16103 | Gauntlet | Found a transporter.
 16103 | Gauntlet | Found a transporter.
 16103 | Gauntlet | Found a transporter.
 16104 | Gauntlet | Found a transporter.
 16107 | Gauntlet | Found a transporter.
 16107 | Gauntlet | Found a transporter.
 16117 | Gauntlet | Found a transporter.
 16117 | Gauntlet | Found a transporter.
 16120 | Gauntlet | Reached ****** piety under the Shining One
 16121 | Gauntlet | Found a transporter.
 16135 | Gauntlet | Found a transporter.
 16235 | Gauntlet | Found a transporter.
 16245 | Gauntlet | Found a transporter.
 16537 | Gauntlet | Identified the +1 pair of boots "Qizxeat" {*Corrode rF+
                  | Int+9}
 17097 | Lair:5   | Entered Level 5 of the Lair of Beasts
 17097 | Lair:5   | Noticed Rupert
 17106 | Lair:5   | Paralysed by Rupert for 2 turns
 17114 | Lair:5   | Killed Rupert
 17205 | Lair:5   | Reached XP level 16. HP: 107/107 MP: 23/23
 17381 | Lair:5   | Reached skill level 15 in Fighting
 17587 | Lair:5   | Identified the +3 scale mail of the Green God {Rampage
                  | rElec Will- Str+3}
 17950 | Lair:5   | Found a staircase to the Slime Pits.
 18311 | Orc:1    | Entered Level 1 of the Orcish Mines
 18311 | Orc:1    | Noticed Erolcha
 18317 | Orc:1    | Killed Erolcha
 18448 | Orc:2    | Entered Level 2 of the Orcish Mines
 18448 | Orc:2    | Noticed Saint Roka
 18462 | Orc:2    | Killed Saint Roka
 18533 | Orc:2    | Noticed Josephine
 18542 | Orc:2    | Killed Josephine
 18707 | Orc:2    | Found a roughly hewn altar of Beogh.
 18817 | Orc:2    | Found a staircase to the Elven Halls.
 18978 | Orc:2    | Found Efyasad's Distillery.
 18995 | Orc:2    | Found a roughly hewn altar of Beogh.
 18996 | Orc:2    | Found Voecvan's Jewellery Boutique.
 19028 | Orc:2    | Bought the ring "Nesoh" {rN+ rCorr Dex+2 SInv} for 533 gold
                  | pieces
 19032 | Orc:2    | Bought a potion of might for 64 gold pieces
 19032 | Orc:2    | Bought a potion of curing for 48 gold pieces
 19032 | Orc:2    | Bought a potion of mutation for 128 gold pieces
 19032 | Orc:2    | Bought a potion of haste for 160 gold pieces
 19086 | Orc:2    | Found Soho's Antique Weapon Shoppe.
 19242 | Orc:2    | Found Siazxiva's Assorted Antiques.
 19249 | Orc:2    | Bought a potion of curing for 51 gold pieces
 19249 | Orc:2    | Bought a scroll of teleportation for 51 gold pieces
 19249 | Orc:2    | Bought a potion of heal wounds for 85 gold pieces
 19249 | Orc:2    | Bought a scroll of teleportation for 51 gold pieces
 19432 | Orc:1    | Reached XP level 17. HP: 111/115 MP: 25/25
 19445 | Orc:1    | Reached skill level 16 in Fighting
 19455 | Orc:1    | Noticed Maurice
 19482 | Orc:1    | Killed Maurice
 19752 | Orc:1    | Found a roughly hewn altar of Beogh.
 19976 | Shoals:1 | Entered Level 1 of the Shoals
 19976 | Shoals:1 | Noticed Louise
 19980 | Abyss:3  | Cast into level 3 of the Abyss (Louise)
 20097 | Shoals:1 | Escaped the Abyss
 20131 | Shoals:1 | Killed Louise
 20919 | Shoals:2 | Noticed Polyphemus
 20931 | Shoals:2 | Noticed Frances
 20937 | Shoals:2 | Killed Polyphemus
 20943 | Shoals:2 | HP: 1/116 [merfolk aquamancer/shard of ice (10)]
 20981 | Shoals:2 | Killed Frances
 20982 | Shoals:2 | Reached skill level 10 in Evocations
 21242 | Shoals:2 | Found Riuffe's Overcharged Wands.
 21279 | Shoals:2 | Bought a wand of mindburst (30) for 630 gold pieces
 21279 | Shoals:2 | Bought a wand of quicksilver (18) for 1134 gold pieces
 21376 | Shoals:2 | Noticed a kraken
 21382 | Shoals:2 | Identified the ring "Meanu" {Fly rPois rF+ Will+ Int+2}
 21388 | Shoals:2 | Noticed a tentacled monstrosity
 21395 | Shoals:2 | Killed a kraken
 21397 | Shoals:2 | Killed a tentacled monstrosity
 21410 | Shoals:2 | Reached XP level 18. HP: 122/122 MP: 27/27
 21984 | Shoals:3 | Identified the amulet "Vaeplaagu" {Reflect rPois rN+ Str-2
                  | SH+5}
 22008 | Shoals:3 | Noticed a titan
 22017 | Shoals:3 | Reached skill level 17 in Fighting
 22044 | Shoals:3 | Killed a titan
 22201 | Shoals:3 | Noticed Ilsuiw
 22233 | Shoals:3 | Killed Ilsuiw
 22238 | Shoals:3 | Noticed Nikola
 22245 | Shoals:3 | The Shining One protects you from harm!
 22319 | Shoals:3 | The Shining One protects you from harm!
 22320 | Shoals:3 | Killed Nikola
 22839 | Shoals:4 | Entered Level 4 of the Shoals
 22839 | Shoals:4 | Found a stormy altar of Qazlal.
 22872 | Shoals:4 | Paralysed by an air elemental for 1 turns
 23043 | Shoals:4 | Found the +7 captain's cutlass {speed, disarm}
 23048 | Shoals:4 | Noticed a titan
 23058 | Shoals:4 | Killed a titan
 23072 | Shoals:4 | Paralysed by an air elemental for 1 turns
 23110 | Shoals:4 | The Shining One protects you from harm!
 23114 | Shoals:4 | HP: 2/124 [merfolk impaler/+1 antimagic trident (16)]
 23117 | Shoals:4 | Slain by an alligator snapping turtle

Illustrated notes

Levels and vault maps discovered:
D:1:      dpeg_arrival_rooms_with_view, layout_basic
D:2:      layout_basic, shapermc_ecumenical_altar_rom_forum, serial_forest,
          infiniplex_forest_lined_corner, infiniplex_forest_end_3,
          infiniplex_forest_diagonal, infiniplex_forest_clump_double,
          infiniplex_forest_straight_4, infiniplex_forest_lined_3,
          infiniplex_forest_clump_medium, grunt_ministairs_8, uniq_jessica
D:3:      gammafunk_wand_slinger, layout_loops_ring, gammafunk_ghost_mausoleum,
          serial_shops, nicolae_shop_rolled_up, chequers_decorated_corner,
          hangedman_abyss_or_decor_lesser_grid
D:4:      layout_basic, portal_sewer_entry_b, uniq_ijyb
D:5:      layout_cave_pools, nicolae_overflow_crystal_walls,
          minmay_temple_entry_glassed_door,
          nicolae_concentric_dashed_squares_mild
D:6:      old_forge, layout_loops_ring, serial_shops, nicolae_shop_waterfront,
          enter_ossuary_1
D:7:      layout_basic
D:8:      minmay_the_grid_octo_tiled_squarecenter [minmay_the_grid_octo_empty,
          minmay_the_grid_octo_fat_diamond, minmay_the_grid_octo_fan_narrow,
          minmay_the_grid_octo_horde,
          minmay_the_grid_square_5x5_megaprize_hollow,
          minmay_the_grid_square_5x5_shrine1, minmay_the_grid_square_5x5_six,
          minmay_the_grid_square_5x5_inset,
          minmay_the_grid_square_5x5_tetrominoes], layout_layer_cave,
          serial_bayou_lagoon_b, uniq_amaemon
D:9:      layout_basic, orc_0_dummy, enter_bailey_2
D:10:     layout_basic, grunt_decor_one_mirror, uniq_sonja, uniq_snorg,
          uniq_lodul
D:11:     layout_loops_ring, lair_entry_dummy, lemuel_nasty_fountain, uniq_erica
D:12:     layout_basic, nicolae_trove_entry_diagonal, minmay_rotating_lava
D:13:     layout_basic, grunt_vaults_entry_tiered,
          yredelemnul_forgotten_temple_becter
D:14:     minmay_ornate_pinched, layout_basic, ashenzari_altar_1
D:15:     gammafunk_depths_entry_grave, layout_cave_pods, serial_column_ruins,
          column_ruins_hut, column_ruins_square_small, column_ruins_open_medium,
          column_ruins_corridor_corner, column_ruins_open_medium,
          column_ruins_grid_2, column_ruins_grid_1, amcnicky_mini_pool_small
Temple:   regret_index_temple_sigil_plot
Lair:1:   layout_long_grid, basic_altar, minivault_24, roderic_batcave
Lair:2:   layout_roguey, minmay_snake_entry_six_corridors
Lair:3:   mu_elephants_graveyard, layout_layer_cave, elwin_shoals_entry_stream,
          uniq_fannar, uniq_nessos
Lair:4:   layout_concentric_octagons, gauntlet_entry_generic
Lair:5:   gammafunk_lair_ancient_temple, layout_cave_pods, slime_entry_1,
          uniq_rupert
Shoals:1: layout_shoals, uniq_louise
Shoals:2: dreamdust_from_the_deep, layout_shoals,
          nicolae_shop_overcharged_wands, uniq_frances, uniq_polyphemus
Shoals:3: cheibrodos_shoals_gigantism, layout_shoals, uniq_ilsuiw, uniq_nikola
Shoals:4: shoals_end_hellmonk_storm_palace [storm_palace_center_circular,
          storm_palace_corner_reverse_hut, storm_palace_corner_altar,
          storm_palace_corner_blocked, storm_palace_corner_narrow]
Orc:1:    layout_caves, basic_altar, elves_outpost_lemuel, uniq_maurice,
          uniq_erolcha
Orc:2:    hellmonk_orc_salted, layout_caves, mines2_david, uniq_saint_roka,
          uniq_josephine

Skill      XL: |  1  2  3  4  5  6  7  8  9 10 11 12 13 14 15 16 17 18 |
---------------+-------------------------------------------------------+-----
Long Blades    | 2 3 4 5 6 7 8 9 11 12 13 14 | 14.2
Invocations    | 1 2 3 4 5 7 8 9 10 11 12 | 12.4
Evocations     | 1 2 3 4 5 6 7 8 9 10 | 10.5
Dodging        | 1 2 3 4 5 6 7 8 9 |  9.6
Fighting       | 4 5 6 7 9 10 11 12 13 14 15 16 17 | 17.4
Armour         | 4 5 6 7 8 9 10 11 12 13 | 13.1
Shields        | 4 5 6 8 9 10 11 12 13 | 13.5

Action                     |  1- 3 |  4- 6 |  7- 9 | 10-12 | 13-15 | 16-18 || total
---------------------------+-------+-------+-------+-------+-------+-------++-------
  Melee: Long sword        |   114 |   102 |   261 |       |       |       ||   477
         Double sword      |       |       |    27 |   230 |   631 |   649 ||  1537
         Scimitar          |       |       |       |       |    61 |    62 ||   123
 Invoke: Divine Shield     |       |       |     1 |     1 |     4 |     7 ||    13
         Cleansing Flame   |       |       |       |       |     3 |    11 ||    14
         Summon Divine War |       |       |       |       |     1 |     5 ||     6
  Evoke: Wand              |       |     1 |       |     4 |     1 |    20 ||    26
    Use: Scroll            |       |     4 |    10 |    14 |     1 |     6 ||    35
         Potion            |       |     3 |     6 |     4 |     6 |    15 ||    34
 Armour: Scale mail        |    83 |    44 |   118 |       |       |       ||   245
         Ring mail         |       |       |   117 |   128 |   434 |   556 ||  1235
  Dodge: Dodged            |    58 |    80 |   241 |   157 |   494 |   584 ||  1614
  Block: Buckler           |    26 |    27 |    89 |    78 |   141 |       ||   361
         Kite shield       |       |       |       |       |   315 |   877 ||  1192
         Reflection        |       |       |       |       |       |     5 ||     5

Table legend: (Time is in decaauts)
 A = Elapsed time spent in this place.
 B = Non-inter-level travel time spent in this place.
 C = Inter-level travel time spent in this place.
 D = Time resting spent in this place.
 E = Time spent auto-exploring this place.
 F = Levels seen in this place.
 G = Mean time per level.
                   A        B        C        D        E       F      G
               +--------+--------+--------+--------+--------+-----+--------+
         Total |  23263 |  21392 |   1871 |    139 |  15403 |  32 |  727.0 |
       Dungeon |  12934 |  11527 |   1407 |     78 |   8688 |  15 |  862.3 |
        Temple |     39 |     20 |     19 |      0 |      0 |   1 |   39.0 |
          Lair |   4643 |   4342 |    301 |     29 |   3311 |   5 |  928.6 |
        Shoals |   3025 |   2965 |     60 |     28 |   2158 |   4 |  756.2 |
  Orcish Mines |   1514 |   1430 |     84 |      0 |   1007 |   2 |  757.0 |
         Abyss |    114 |    114 |      0 |      0 |     43 |   1 |  114.0 |
         Sewer |     95 |     95 |      0 |      0 |      7 |   1 |   95.0 |
       Ossuary |    204 |    204 |      0 |      0 |      5 |   1 |  204.0 |
        Bailey |    216 |    216 |      0 |      4 |     44 |   1 |  216.0 |
      Gauntlet |    474 |    474 |      0 |      0 |    140 |   1 |  474.0 |
               +--------+--------+--------+--------+--------+-----+--------+

Top non-repeatable levels by time:
     D:8: 1307 daAuts
  Lair:3: 1249 daAuts
    D:12: 1179 daAuts
  Lair:5: 1074 daAuts
    D:10: 1056 daAuts
Shoals:3: 1014 daAuts
     D:3: 986 daAuts
Shoals:2: 944 daAuts
   Orc:2: 922 daAuts
  Lair:1: 909 daAuts
     D:2: 889 daAuts
    D:15: 865 daAuts
     D:7: 843 daAuts
     D:6: 829 daAuts
     D:1: 828 daAuts
